 Dungeon Crawl Stone Soup version 0.28-a0-1429-gf3d713df7a (webtiles) character file.

Game seed: 6998128897997283298

7816 Hasart the Covert (level 11, -3/48 HPs)
             Began as a Kobold Enchanter on Jan 8, 2022.
             Was a Follower of Hepliaklqana.
             Slain by a six-headed hydra (10 damage)
             ... on level 9 of the Dungeon.
             The game lasted 00:23:19 (10936 turns).

Hasart the Covert (Kobold Enchanter)               Turns: 10936, Time: 00:23:19

Health: -3/48      AC: 10    Str: 16    XL:     11   Next: 44%
Magic:  18/21      EV: 20    Int: 25    God:    Hepliaklqana [*.....]
Gold:   508        SH:  0    Dex: 19    Spells: 13/24 levels left

rFire   . . .      SeeInvis .   f - +1 dagger (elec)
rCold   . . .      Faith    .   (no shield)
rNeg    . . .      Spirit   .   w - +4 robe of Augmentation {Str+4 Int+4 Dex+4}
rPois   +          Reflect  .   n - +1 helmet
rElec   .          Harm     .   (no cloak)
rCorr   .          Rampage  .   t - +0 pair of gloves
Will    .....                   o - +0 pair of boots
Stlth   ++++++....              (no amulet)
HPRegen 0.16/turn               p - ring of poison resistance
MPRegen 0.17/turn               B - +6 ring of strength

@: confusing by touch, studying Polearms
A: reduced essence, small, no large weapons, nightstalker 3
a: Renounce Religion, Recall Ancestor, Ancestor Identity


You were on level 9 of the Dungeon.
You worshipped Hepliaklqana.
Hepliaklqana was aware of your devotion.
You visited 2 branches of the dungeon, and saw 10 of its levels.

You collected 573 gold pieces.
You spent 65 gold pieces at shops.

Inventory:

Hand Weapons
 f - a +1 dagger of electrocution (weapon)
 F - the +11 hunting sling of Contradiction {venom, rPois rF+ rC+}
   (You found it on level 8 of the Dungeon)

   Any ammunition fired from it poisons the flesh of those it strikes.
   rF:        It protects you from fire.
   rC:        It protects you from cold.
   rPois:     It protects you from poison.
Missiles
 z - 2 throwing nets (quivered)
Armour
 b - a +0 robe
 i - the +1 leather armour "Oroc" {*Slow rF+++ rCorr Stlth+}
   (You found it on level 3 of the Dungeon)

   rF:        It renders you almost immune to fire.
   rCorr:     It protects you from acid and corrosion.
   *Slow:     It may slow you when you take damage.
   Stlth:     It makes you more stealthy.
 n - a +1 helmet (worn)
 o - a +0 pair of boots (worn)
 r - a +1 robe of fire resistance
 t - a +0 pair of gloves (worn)
 w - the +4 robe of Augmentation (worn) {Str+4 Int+4 Dex+4}
   (You found it on level 5 of the Dungeon)

   Str:       It affects your strength (+4).
   Int:       It affects your intelligence (+4).
   Dex:       It affects your dexterity (+4).
Jewellery
 p - a ring of poison resistance (left hand)
 x - a ring of positive energy
 B - a +6 ring of strength (right hand)
Wands
 g - a wand of flame (30)
 k - a wand of acid (9)
 E - a wand of mindburst (10)
Scrolls
 a - 2 scrolls of amnesia
 l - 6 scrolls of identify
 C - a scroll of silence
 D - 5 scrolls of teleportation
Potions
 c - 2 potions of invisibility
 d - a potion of haste
 e - 2 potions of flight {unknown}
 h - a potion of ambrosia {unknown}
 j - 2 potions of brilliance {unknown}
 m - a potion of attraction {unknown}
 q - 4 potions of curing
 s - 4 potions of degeneration {unknown}
 u - 3 potions of berserk rage {unknown}
 v - 4 potions of heal wounds
 A - a potion of magic {unknown}
 G - a potion of cancellation {unknown}
 H - a potion of might {unknown}


   Skills:
 + Level 8.9 Short Blades
 + Level 8.5 Dodging
 + Level 10.5 Stealth
 + Level 7.1 Spellcasting
 + Level 2.0 Conjurations
 * Level 10.3 Hexes
 + Level 1.9 Ice Magic


You had 13 spell levels left.
You knew the following spells:

 Your Spells              Type           Power      Damage    Failure   Level
a - Ensorcelled Hibernat  Hex/Ice        78%        N/A       1%          2
b - Confusing Touch       Hex            57%        N/A       1%          3
c - Tukima's Dance        Hex            57%        N/A       1%          3
d - Dazzling Flash        Conj/Hex       78%        N/A       1%          3

Your spell library contained the following spells:

 Spells                   Type           Power      Damage    Failure   Level
 Animate Skeleton         Necr           16%        N/A       7%          1
 Pain                     Necr           32%        1d5       7%          1
 Vampiric Draining        Necr           8%         2d6       21%         3
 Animate Dead             Necr           4%         N/A       54%         4
 Enfeeble                 Hex            28%        N/A       63%         7
 Haunt                    Necr/Summ      4%         N/A       100%        7
 Infestation              Necr           4%         N/A       100%        8


Dungeon Overview and Level Annotations

Branches:
Dungeon (9/15)             Temple (1/1) D:7
   Lair: D:8-11         Orc: D:9-12

Altars:
Ashenzari
Cheibriados
Dithmenos
Elyvilon
Fedhas
Gozag
Hepliaklqana
Kikubaaqudgha
Makhleb
Nemelex Xobeh
Okawaru
Qazlal
Ru
Sif Muna
Trog
Uskayaw
Vehumet
Wu Jian
Xom
Yredelemnul
Zin
The Shining One

Shops:
D:5 !   D:8 :

Annotations:
D:5 3 runed translucent doors, ThreePoint314's ghost, amateur KoDe
D:8 2 transporters


Innate Abilities, Weirdness & Mutations

Your life essence is reduced to manifest your ancestor. (-10% HP)
You are small and have problems with some larger weapons.
You are completely attuned to the shadows.


Message History

You swap places.
The six-headed hydra barely misses Yamquzzuhalamma.
The six-headed hydra bites Yamquzzuhalamma!
The six-headed hydra bites Yamquzzuhalamma.
The six-headed hydra bites Yamquzzuhalamma!
The six-headed hydra bites Yamquzzuhalamma.
Yamquzzuhalamma is destroyed!
Casting: Ensorcelled Hibernation (safe; 1% risk of failure)
Confirm with . or Enter, or press ? or * to list all spells.
Aiming: Ensorcelled Hibernation (safe; 1% risk of failure)
Press: ? - help, Shift-Dir - straight line, f - six-headed hydra
Aim: a six-headed hydra (chance to affect: 31%)
Okay, then.
Casting: Ensorcelled Hibernation (safe; 1% risk of failure)
Confirm with . or Enter, or press ? or * to list all spells.
Okay, then.
Casting: Ensorcelled Hibernation (safe; 1% risk of failure)
Confirm with . or Enter, or press ? or * to list all spells.
Your hands begin to glow red.
You hit the six-headed hydra but do no damage.
The six-headed hydra completely misses you.
The six-headed hydra closely misses you. x2
The six-headed hydra bites you! The six-headed hydra misses you.
The six-headed hydra bites you!
Unknown command.
You hit the six-headed hydra but do no damage.
Unknown command.
You hit the six-headed hydra but do no damage.
The six-headed hydra closely misses you.
The six-headed hydra bites you!
* * * LOW HITPOINT WARNING * * *
The six-headed hydra bites you.
* * * LOW HITPOINT WARNING * * *
The six-headed hydra bites you.
* * * LOW HITPOINT WARNING * * *
The six-headed hydra bites you but does no damage.
The six-headed hydra misses you.
You hit the six-headed hydra but do no damage.
The six-headed hydra bites you!
You die...

............................)....
.........................).)..)..
..............###############...#
..............# #...#
..............###***#########....
................>,,,.............
.................,,,.............
############..##########...######
# #..##@..## #...#
#####**#####..#D###.####...######
.....,,.......#.+,#.'............
#####**##.....#.#*#.#..##########
#########.....##...##..##########
...............#####..........)..
.................................
...............#########..#######
...............# #..#


You could see a six-headed hydra.

Vanquished Creatures
  Harold (D:7)
  Pikel (D:7)
  A cyclops (D:8)
  Maggie (D:7)
  A troll (D:9)
  A hornet (D:8)
  Prince Ribbit (D:6)
  5 yaks (D:6)
  2 steam dragons (D:7)
  2 acid dragons
  3 water moccasins
  3 sky beasts
  2 orc warriors
  2 necrophages
  An ice beast (D:6)
  A black bear (D:4)
  2 ogres
  6 centaurs
  3 phantoms
  Blork the orc (D:4)
  3 bullfrogs
  A gnoll sergeant (D:6)
  A scorpion (D:4)
  A water moccasin skeleton (D:5)
  12 wights
  3 killer bees (D:7)
  3 howler monkeys
  2 centaur zombies
  A bullfrog zombie (D:5)
  2 centaur skeletons
  A gnoll shaman (D:8)
  5 hounds
  2 jellies (D:5)
  Crazy Yiuf (D:6)
  3 orc priests
  7 orc wizards
  Natasha (thrice) (D:2)
  3 iguanas (D:5)
  A hound zombie (D:5)
  Robin (D:3)
  3 howler monkey zombies
  7 gnolls
  4 adders
  An adder skeleton (D:4)
  A worm (D:2)
  3 dart slugs
  27 orcs
  9 ball pythons
  3 endoplasms
  2 giant cockroaches
  16 goblins
  10 hobgoblins
  5 kobolds
  7 quokkas
  A bat (D:3)
  2 frilled lizards
  3 rats
200 creatures vanquished.

Vanquished Creatures (collateral kills)
  A wight (D:7)
1 creature vanquished.

Vanquished Creatures (others)
  A dancing weapon (D:7)
  2 ancestors
3 creatures vanquished.

Grand Total: 204 creatures vanquished

Notes
Turn   | Place    | Note
-------+----------+-------------------------------------------
     0 | D:1      | Hasart the Kobold Enchanter began the quest for the Orb.
     0 | D:1      | Reached XP level 1. HP: 10/10 MP: 3/3
   220 | D:1      | Found a faded altar of an unknown god.
   230 | D:1      | Reached XP level 2. HP: 15/15 MP: 5/5
   727 | D:1      | Reached XP level 3. HP: 19/19 MP: 6/6
  1100 | D:2      | Learned a level 2 spell: Ensorcelled Hibernation
  1104 | D:2      | Learned a level 3 spell: Confusing Touch
  1694 | D:2      | Reached XP level 4. HP: 24/24 MP: 7/7
  1856 | D:2      | Noticed Natasha
  1861 | D:2      | Killed Natasha
  1944 | D:2      | Noticed Natasha
  1954 | D:2      | Killed Natasha
  1955 | D:2      | Reached XP level 5. HP: 20/28 MP: 4/9
  2129 | D:2      | Noticed Natasha
  2134 | D:2      | Killed Natasha
  2406 | D:3      | Identified the +1 leather armour "Oroc" {*Slow rF+++ rCorr
                  | Stlth+}
  2540 | D:3      | Noticed Robin
  2562 | D:3      | Killed Robin
  2563 | D:3      | Reached skill level 5 in Stealth
  3380 | D:4      | Noticed a black bear
  3391 | D:4      | Killed a black bear
  3392 | D:4      | Reached XP level 6. HP: 31/32 MP: 7/10
  3696 | D:4      | Noticed Blork the orc
  3703 | D:4      | Killed Blork the orc
  3704 | D:4      | Reached skill level 5 in Hexes
  3704 | D:4      | Reached XP level 7. HP: 24/36 MP: 4/12
  4626 | D:4      | Noticed an acid dragon
  4631 | D:4      | Noticed a water moccasin
  4632 | D:4      | Killed an acid dragon
  4633 | D:4      | Reached XP level 8. HP: 36/41 MP: 8/14
  5090 | D:5      | Entered Level 5 of the Dungeon
  5094 | D:5      | Noticed ThreePoint314's ghost (amateur KoDe)
  5097 | D:5      | Found a runed translucent gate.
  5098 | D:5      | Found a runed translucent gate.
  5099 | D:5      | Found a runed translucent gate.
  5272 | D:5      | Learned a level 3 spell: Tukima's Dance
  5280 | D:5      | Reached skill level 5 in Dodging
  5292 | D:5      | Reached skill level 5 in Short Blades
  5599 | D:5      | Reached XP level 9. HP: 37/45 MP: 10/16
  5907 | D:5      | Found Xaxzin's Distillery.
  5915 | D:5      | Bought a potion of heal wounds for 65 gold pieces
  5970 | D:5      | Found the +4 robe of Augmentation {Str+4 Int+4 Dex+4}
  6187 | D:6      | Reached skill level 5 in Spellcasting
  6412 | D:6      | Reached XP level 10. HP: 50/50 MP: 14/18
  6416 | D:6      | Learned a level 3 spell: Dazzling Flash
  6631 | D:6      | Noticed Prince Ribbit
  6639 | D:6      | Killed Prince Ribbit
  6691 | D:6      | Found a runed translucent door.
  6694 | D:6      | Noticed Crazy Yiuf
  6699 | D:6      | Killed Crazy Yiuf
  6982 | D:6      | Found a shadowy altar of Dithmenos.
  6995 | D:6      | You fall into a shaft and drop 3 floors!
  7215 | D:8      | Found a transporter.
  7279 | D:8      | Noticed a cyclops
  7287 | D:8      | Killed a cyclops
  7734 | D:7      | Found a staircase to the Ecumenical Temple.
  7857 | Temple   | Entered the Ecumenical Temple
  8190 | D:7      | Noticed Harold
  8221 | D:7      | Killed Harold
  8457 | D:7      | Noticed Pikel
  8459 | D:7      | Noticed Maggie
  8463 | D:7      | Killed Pikel
  8464 | D:7      | Reached skill level 10 in Stealth
  8464 | D:7      | Reached XP level 11. HP: 54/54 MP: 17/21
  8477 | D:7      | Killed Maggie
  8965 | D:7      | Found a bloodstained altar of Trog.
  8968 | D:7      | Found a hazy altar of Hepliaklqana.
  8995 | D:7      | Reached skill level 10 in Hexes
  8997 | D:7      | Became a worshipper of Hepliaklqana the Forgotten
  9280 | D:6      | Reached skill level 1 in Conjurations
  9566 | D:8      | Identified the +11 hunting sling of Contradiction {venom,
                  | rPois rF+ rC+}
  9711 | D:8      | Found Idghiryg's Book Emporium.
  9784 | D:8      | Reached skill level 1 in Ice Magic
 10011 | D:8      | Reached * piety under Hepliaklqana
 10133 | D:8      | Found a transporter.
 10448 | D:9      | Found a glowing silver altar of Zin.
 10782 | D:9      | Identified the +6 whip of Juvuk {vorpal, *Rage rF+ Dex+4}
 10929 | D:9      | Noticed a six-headed hydra
 10936 | D:9      | Slain by a six-headed hydra

Illustrated notes

Levels and vault maps discovered:
D:1:      onia_arrival_mini_spirals, layout_loops_ring, basic_ecumenical_altar,
          minivault_11
D:2:      layout_loops_corners, st_stairs_14, uniq_natasha
D:3:      layout_rooms, uniq_robin
D:4:      layout_basic, enter_ossuary_1, minmay_manual_mullet,
          uniq_blork_the_orc
D:5:      layout_loops_ring, ebering_ghost_rock_garden, serial_shops,
          nicolae_shop_crystal, minmay_diced_spiral
D:6:      layout_loops_ring, grunt_dithmenos_smoke, uniq_crazy_yiuf_cottage,
          uniq_prince_ribbit1
D:7:      layout_loops_cross, mainiacjoe_overflow_divided_tiny,
          minmay_temple_entry_tees, glass_columns_b, uniq_maggie, uniq_pikel,
          uniq_harold
D:8:      gammafunk_jiyva_shrine, layout_cave_pods, serial_shops,
          nicolae_shop_trees, minmay_joined_circles
D:9:      layout_long_grid, nicolae_overflow_hidden_temple,
          kennysheep_just_a_vault
Temple:   dpeg_five_rooms_temple

Skill      XL: |  1  2  3  4  5  6  7  8  9 10 11 |
---------------+----------------------------------+-----
Short Blades   | 2 3 4 5 6 8 |  8.9
Dodging        | 3 4 5 6 8 |  8.5
Hexes          | 4 5 6 8 9 10 | 10.3
Stealth        | 5 6 7 8 10 | 10.5
Spellcasting   | 3 4 5 6 7 |  7.1
Conjurations   | 2 |  2.0
Ice Magic      | 1 |  1.9

Action                   |  1- 3 |  4- 6 |  7- 9 | 10-12 || total
-------------------------+-------+-------+-------+-------++-------
Melee: Dagger            |    55 |   115 |   150 |   193 ||   513
       Punch             |       |     2 |     1 |     7 ||    10
 Cast: Ensorcelled Hiber |     1 |     7 |    23 |    25 ||    56
       Confusing Touch   |       |     4 |     6 |    13 ||    23
       Tukima's Dance    |       |       |     2 |     2 ||     4
       Dazzling Flash    |       |       |       |     1 ||     1
Evoke: Wand              |       |       |       |     3 ||     3
  Use: Scroll            |       |       |     7 |     5 ||    12
 Stab: Sleeping          |    20 |    12 |    36 |    46 ||   114
       Confused          |       |     4 |     4 |     9 ||    17
       Distracted        |       |       |     2 |       ||     2
Armor: Robe              |     2 |     2 |    53 |    18 ||    75
       Leather armour    |       |    14 |       |       ||    14
Dodge: Dodged            |    24 |    60 |   117 |   118 ||   319

Table legend: (Time is in decaauts)
 A = Elapsed time spent in this place.
 B = Non-inter-level travel time spent in this place.
 C = Inter-level travel time spent in this place.
 D = Time resting spent in this place.
 E = Time spent auto-exploring this place.
 F = Levels seen in this place.
 G = Mean time per level.
                   A        B        C        D        E       F      G
               +--------+--------+--------+--------+--------+-----+--------+
         Total |  10840 |  10493 |    347 |   1216 |   7612 |  10 | 1084.0 |
       Dungeon |  10604 |  10261 |    343 |   1216 |   7394 |   9 | 1178.2 |
        Temple |    235 |    231 |      4 |      0 |    218 |   1 |  235.0 |
               +--------+--------+--------+--------+--------+-----+--------+

Top non-repeatable levels by time:
     D:4: 1753 daAuts
     D:2: 1711 daAuts
     D:8: 1290 daAuts
     D:7: 1202 daAuts
     D:6: 1123 daAuts
     D:5: 1011 daAuts
     D:1: 923 daAuts
     D:9: 880 daAuts
     D:3: 709 daAuts
  Temple: 235 daAuts
